 Dungeon Crawl Stone Soup version 0.18.1-5-g4a78601 (webtiles) character file.

991 oplop the Changer (level 8, 0/52 HPs)
             Began as an Octopode Transmuter on May 10, 2016.
             Slain by a phantom (8 damage)
             ... on level 6 of the Dungeon.
             The game lasted 00:09:59 (4783 turns).

oplop the Changer (Octopode Transmuter)             Turns: 4783, Time: 00:09:59

Health: 0/52       AC:  2    Str: 10    XL:     8   Next: 18%
Magic:  8/13       EV: 22    Int: 16    God:
Gold:   292        SH:  0    Dex: 18    Spells: 4 memorised, 4 levels left

rFire  . . .     SeeInvis +       - Unarmed
rCold  . . .     Gourm    .     (shield currently unavailable)
rNeg   . . .     Faith    .     (helmet currently unavailable)
rPois  x         Spirit   .     (no amulet)
rElec  .         Dismiss  .     m - ring of see invisible
rCorr  .         Reflect  .     (no ring)
SustAt .         Harm     .     (no ring)
MR     .....                    (no ring)
Stlth  ++........               (no ring)
                                (no ring)
                                (no ring)
                                (no ring)

@: spider-form, not resistant to hostile enchantments, unstealthy
A: almost no armour, (amphibious), 8 rings, (constrict 8), (camouflage 0),
(gelatinous body 0)
a: End Transformation


You were on level 6 of the Dungeon.
You were hungry.
You were a venomous arachnid creature.
You visited 1 branch of the dungeon, and saw 6 of its levels.

You collected 292 gold pieces.

Inventory:

Missiles
 a - 28 arrows
Armour
 q - a +0 buckler
Jewellery
 m - a ring of see invisible (left front leg)
Wands
 C - a wand of lightning (8/15)
Scrolls
 d - a scroll of noise
 e - 2 scrolls of remove curse
 j - a scroll of random uselessness
 o - a scroll of fog {unknown}
 p - 5 scrolls of magic mapping
 t - 3 scrolls of fear
 v - a scroll of enchant weapon
 y - 2 scrolls of amnesia
 D - a scroll of identify
 E - a scroll of silence {unknown}
Potions
 g - a potion of flight {unknown}
 i - 4 potions of agility {unknown}
 k - 2 potions of mutation {unknown}
 l - a potion of cancellation {unknown}
 r - a potion of lignification {unknown}
 s - 3 potions of heal wounds {unknown}
 w - 2 potions of curing {unknown}
 x - a potion of might {unknown}
 z - 3 potions of invisibility {unknown}
 A - 4 potions of magic {unknown}
 B - a potion of degeneration {unknown}
Books
 b - a book of Changes

   Spells                             Type                      Level
   a - Beastly Appendage              Transmutation                1
   b - Sticks to Snakes               Transmutation                2
   c - Spider Form                    Transmutation/Poison         3
   d - Ice Form                       Ice/Transmutation            4
   e - Blade Hands                    Transmutation                5
Comestibles
 c - 3 bread rations
 f - 3 meat rations
 n - a beef jerky
 u - a slice of pizza


   Skills:
 + Level 3.4 Fighting
 + Level 4.0 Dodging
 + Level 4.7 Unarmed Combat
 + Level 3.9 Spellcasting
 * Level 5.6 Transmutations
 * Level 1.5 Ice Magic


You had 4 spell levels left.
You knew the following spells:

 Your Spells              Type           Power        Failure   Level  Hunger
a - Beastly Appendage     Trmt           ###...       6%          1    None
b - Sticks to Snakes      Trmt           ###.....     10%         2    ##.....
c - Spider Form           Trmt/Pois      ##........   36%         3    ###....
d - Ice Form              Ice/Trmt       ##......     61%         4    ####...


Dungeon Overview and Level Annotations

Branches:
Dungeon (6/15)
 Temple: D:4-7

Altars:
Ashenzari
Dithmenos
Fedhas
Kikubaaqudgha
Ru
Vehumet


Innate Abilities, Weirdness & Mutations

You cannot wear most types of armour.
((You are amphibious.))
You can wear up to eight rings at the same time.
((You can use your tentacles to constrict eight enemies at once.))
((Your skin changes colour to match your surroundings (Stealth).))
((Your rubbery body absorbs attacks (AC +1).))


Message History

You are too injured to fight recklessly!
Casting: Beastly Appendage
Confirm with . or Enter, or press ? or * to list all spells.
Your tentacle spike disappears.
You turn into a venomous arachnid creature.
Your ball python barely misses the phantom.
The phantom misses you.
Your ball python misses the phantom.
You barely miss the phantom.
The phantom is severely damaged.
Your ball python barely misses the phantom.
The phantom hits you.
* * * LOW HITPOINT WARNING * * *
You hit the phantom.
The phantom is almost destroyed.
Your ball python withers and dies!
The phantom closely misses you.
You hit the phantom.
The phantom is almost destroyed.
The phantom hits you!
You die...

#.#....... #.#.......
#......... #
#..#...... #######.#
#......... ##.....#.#
#....#...# #....)...#
#.#......' #...W..#
#[#.....># #...s..+
#.#......# #......#
#.#....### #......#
#.#.#..## #......#
#.#.#...#
#.#'########.#.#...##
#.#.##.....#.#.#....#
#.#.##.....'...#..#.#
#.#.##.....#.#.#.....
#.#.##.....#.#.......


You could see a phantom.

Vanquished Creatures
  An ice beast (D:5)
  2 ogres
  A centaur (D:5)
  A giant frog (D:5)
  A water moccasin skeleton (D:5)
  A howler monkey (D:4)
  A giant frog zombie (D:5)
  A hound (D:4)
  An iguana (D:5)
  An orc wizard (D:5)
  6 worker ants
  A hound skeleton (D:4)
  A howler monkey skeleton (D:4)
  6 adders
  A worm (D:4)
  2 dart slugs
  6 giant geckos
  8 orcs
  A ball python (D:3)
  5 giant cockroaches
  10 goblins
  6 hobgoblins
  6 jackals
  6 kobolds
  2 quokkas
  6 bats
  4 giant newts
  A quokka skeleton (D:5)
  6 rats
95 creatures vanquished.

Vanquished Creatures (collateral kills)
  An ogre (D:4)
  A wight (D:3)
  2 adders
  A ball python skeleton (D:4)
  A giant newt (D:4)
6 creatures vanquished.

Grand Total: 101 creatures vanquished

Notes
Turn   | Place    | Note
--------------------------------------------------------------
     0 | D:1      | oplop the Octopode Transmuter began the quest for the Orb.
     0 | D:1      | Reached XP level 1. HP: 13/13 MP: 3/3
    48 | D:1      | Reached XP level 2. HP: 15/18 MP: 3/5
    59 | D:1      | Learned a level 2 spell: Sticks to Snakes
   530 | D:1      | Reached XP level 3. HP: 19/23 MP: 4/6
  1169 | D:2      | Found a blossoming altar of Fedhas.
  1566 | D:3      | Reached skill level 3 in Transmutations
  1858 | D:3      | Reached XP level 4. HP: 19/29 MP: 2/7
  1897 | D:3      | Found a radiant altar of Vehumet.
  2095 | D:2      | Found a sacrificial altar of Ru.
  2584 | D:4      | Learned a level 3 spell: Spider Form
  2633 | D:4      | Reached XP level 5. HP: 33/34 MP: 2/8
  2662 | D:4      | Noticed an ogre
  2719 | D:4      | Noticed an ogre
  2723 | D:4      | Killed an ogre
  2728 | D:4      | Killed an ogre
  2728 | D:4      | Reached skill level 4 in Transmutations
  2728 | D:4      | Reached XP level 6. HP: 20/41 MP: 2/10
  3609 | D:4      | Reached XP level 7. HP: 38/45 MP: 7/12
  3632 | D:5      | Entered Level 5 of the Dungeon
  4028 | D:5      | Reached skill level 5 in Transmutations
  4212 | D:5      | Learned a level 4 spell: Ice Form
  4267 | D:5      | Found a shattered altar of Ashenzari.
  4313 | D:5      | Reached skill level 1 in Ice Magic
  4313 | D:5      | Reached XP level 8. HP: 32/52 MP: 10/13
  4335 | D:5      | Found an ancient bone altar of Kikubaaqudgha.
  4357 | D:5      | Found a shadowy altar of Dithmenos.
  4783 | D:6      | Slain by a phantom

Skill      XL: |  1  2  3  4  5  6  7 |
---------------+----------------------+-----
Transmutations | 3 4 5 |  5.6
Fighting       | 2 3 |  3.4
Dodging        | 3 4 |  4.0
Spellcasting   | 3 |  3.9
Unarmed Combat | 4 |  4.7
Ice Magic      | 1 |  1.5

Action                   |  1- 3 |  4- 6 |  7- 9 || total
-------------------------+-------+-------+-------++-------
Melee: Unarmed           |    95 |    84 |   113 ||   292
       Constrict         |    28 |    22 |     9 ||    59
       Tentacles         |    10 |     9 |    11 ||    30
       Kick              |    14 |     7 |     4 ||    25
       Punch             |     2 |     1 |     1 ||     4
 Cast: Beastly Appendage |    17 |     6 |     6 ||    29
       Sticks to Snakes  |     3 |     9 |     9 ||    21
       Spider Form       |       |     4 |     9 ||    13
  Use: Scroll            |       |     8 |       ||     8
 Stab: Sleeping          |     4 |     6 |     3 ||    13
       Distracted        |     1 |       |     1 ||     2
  Eat: Pizza             |     1 |     1 |       ||     2
       Beef jerky        |     1 |       |       ||     1
       Chunk             |       |     5 |     5 ||    10
Armor: Skin              |    10 |     8 |     5 ||    23
Dodge: Dodged            |    64 |    73 |    83 ||   220
